 Dungeon Crawl Stone Soup version 0.21.1-1-g345015f (webtiles) character file.

23 inc the Vexing (level 2, 0/11 HPs)
             Began as a Felid Enchanter on Mar 15, 2018.
             Slain by a bat (1 damage)
             ... on level 2 of the Dungeon.
             The game lasted 00:01:33 (1027 turns).

inc the Vexing (Felid Enchanter)                    Turns: 1027, Time: 00:01:33

Health: 0/11       AC:  1    Str:  4    XL:     2   Next: 72%
Magic:  1/6        EV: 18    Int: 16    God:
Gold:   0          SH:  0    Dex: 16    Spells: 2/5 levels left
                                        Lives:  0   Deaths: 0

rFire    . . .     SeeInvis +     - Unarmed
rCold    . . .     Gourm    .   (shield unavailable)
rNeg     . . .     Faith    .   (armour unavailable)
rPois    .         Spirit   .   (helmet unavailable)
rElec    .         Reflect  .   (cloak unavailable)
rCorr    .         Harm     .   (gloves unavailable)
MR       .....                  (boots unavailable)
Stlth    +++.......             (no amulet)
HPRegen  0.03/turn              (no ring)
MPRegen  0.10/turn              (no ring)

@: very slightly contaminated, quick
A: very small, no armour, no weapons or thrown items, stealth, claws 1, fangs 3,
see invisible, carnivore, speed 1, shaggy fur 1, slow metabolism 1, sharp paws
a: no special abilities


You were on level 2 of the Dungeon.
You were not hungry.

You visited 1 branch of the dungeon, and saw 2 of its levels.

Inventory:

Scrolls
 d - a scroll of enchant weapon {unknown}
 e - a scroll of amnesia {unknown}
 g - 2 scrolls of remove curse {unknown}
Potions
 c - a potion of curing {unknown}
 f - 2 potions of ambrosia {unknown}
Books
 a - a book of Maledictions

   Spells                             Type                      Level
   a - Corona                         Hexes                        1
   b - Ensorcelled Hibernation        Hexes/Ice                    2
   c - Confuse                        Hexes                        3
   d - Tukima's Dance                 Hexes                        3
   e - Dazzling Spray                 Conjuration/Hexes            3
Comestibles
 b - 5 rations


   Skills:
 - Level 2.6 Dodging
 - Level 4.0 Stealth
 + Level 2.8 Unarmed Combat
 - Level 2.0 Spellcasting
 - Level 4.4 Hexes


You had 2 spell levels left.
You knew the following spells:

 Your Spells              Type           Power        Failure   Level  Hunger
a - Corona                Hex            ###....      3%          1    #......
b - Ensorcelled Hibernat  Hex/Ice        #.....       13%         2    ###....


Dungeon Overview and Level Annotations

Branches:
Dungeon (2/15)

Altars:
Cheibriados


Innate Abilities, Weirdness & Mutations

You cannot wear armour.
You are incapable of wielding weapons or throwing items.
Your paws allow you to move quietly. (Stealth)
You have sharp claws.
You have razor-sharp teeth.
You have supernaturally acute eyesight. (SInv)
You are carnivorous and can eat meat at any time.
You cover ground quickly.
You are covered in fur. (AC +1)
You have a slow metabolism.
Your sharp claws are effective at attacking unaware monsters.


Message History

You scratch the kobold but do no damage.
The bat misses you. The kobold closely misses you.
You barely miss the kobold. You bite the kobold.
The kobold is severely wounded.
The bat closely misses you. The kobold closely misses you.
You miss the kobold.
The kobold is severely wounded.
The bat barely misses you. The kobold hits you.
You are too injured to fight recklessly!
You are too injured to fight recklessly!
You are too injured to fight recklessly!
You closely miss the kobold.
The kobold is severely wounded.
The bat closely misses you. The kobold hits you.
* * * LOW HITPOINT WARNING * * *
You scratch the kobold but do no damage.
Your bite misses the kobold.
The kobold is severely wounded.
The bat hits you.
You die...

#...........###+####
..#<.#....##......###
###.........#........#
#...........#........#
#.........'........#
#.........#........#
#................###
#?......Kb.......##
#########@...≈≈≈..#
#...≈≈≈≈≈##
#)..≈≈.≈≈_#
##+.≈≈≈≈≈## #...≈≈≈..#
# ###......# ##.
#......##...
#......>#.# ##
#.####....#....


You could see a bat and a kobold.

Vanquished Creatures
  2 dart slugs
  A leopard gecko (D:1)
  3 goblins
  A hobgoblin (D:1)
  4 bats (D:1)
  3 frilled lizards
  4 kobolds (D:1)
  3 rats (D:1)
21 creatures vanquished.

Notes
Turn   | Place    | Note
-------+----------+-------------------------------------------
     0 | D:1      | inc the Felid Enchanter began the quest for the Orb.
     0 | D:1      | Reached XP level 1. HP: 7/7 MP: 4/4
   451 | D:1      | Reached XP level 2. HP: 11/11 MP: 6/6
   479 | D:1      | Learned a level 2 spell: Ensorcelled Hibernation
   945 | D:2      | Found a snail-covered altar of Cheibriados.
  1027 | D:2      | Slain by a bat

Skill      XL: |  1 |
---------------+----+-----
Unarmed Combat | 2 |  2.8
Dodging        | |  2.6
Stealth        | |  4.0
Spellcasting   | |  2.0
Hexes          | |  4.4

Action                   || total
-------------------------++-------
Melee: Unarmed           ||    59
       Bite              ||     3
       Punch             ||     1
 Cast: Corona            ||     8
       Ensorcelled Hiber ||     5
 Stab: Sleeping          ||    12
Armor: Skin              ||     7
Dodge: Dodged            ||    70
